 Dungeon Crawl Stone Soup version 0.27.0-1-g7a089689b8 (webtiles) character file.

Game seed: 11422328798454883539

23268 Sobieck the Brawler (level 13, -1/97 HPs)
             Began as a Ghoul Monk on Aug 3, 2021.
             Was a High Priest of Hepliaklqana.
             Slain by a skeletal warrior (6 damage)
             ... led by a skeletal warrior
             ... on level 11 of the Dungeon on Aug 4, 2021.
             The game lasted 00:41:53 (17218 turns).

Sobieck the Brawler (Ghoul Monk)                   Turns: 17218, Time: 00:41:53

Health: -1/97      AC: 12    Str: 20    XL:     13   Next: 5%
Magic:  15/15      EV:  8    Int:  5    God:    Hepliaklqana [*****.]
Gold:   1047       SH:  5    Dex: 11    Spells: 12/12 levels left

rFire    + . .     SeeInvis +     - Unarmed
rCold    + . .     Faith    .   q - +1 buckler
rNeg     + + +     Spirit   .   S - +0 plate armour
rPois    ∞         Reflect  .   (no helmet)
rElec    .         Harm     .   (no cloak)
rCorr    .         Rampage  .   (no gloves)
Will     .....                  (no boots)
Stlth    ..........             f - amulet of the acrobat
HPRegen  0.00/turn              c - ring of see invisible
MPRegen  0.14/turn              R - ring of protection from fire

@: mighty, inhibited regen, studying Slings
A: reduced essence, claws 1, cold resistance 1, negative energy resistance 3,
inhibited regeneration, torment resistance 2
a: Renounce Religion, Recall Ancestor, Ancestor Identity, Transference, Idealise


You were on level 11 of the Dungeon.
You worshipped Hepliaklqana.
Hepliaklqana was extremely pleased with you.
You visited 1 branch of the dungeon, and saw 11 of its levels.
You also visited: Sewer, Ossuary and Bailey.

You collected 1047 gold pieces.


Innate Abilities, Weirdness & Mutations

Your life essence is reduced to manifest your ancestor. (-10% HP)
You thrive by killing the living.
You are immune to poison.
You have sharp fingernails.
Your flesh is cold resistant. (rC+)
You are immune to negative energy. (rN+++)
You do not regenerate when monsters are visible.
You are immune to unholy pain and torment.


   Skills:
 + Level 8.3 Fighting
 + Level 5.3 Armour
 + Level 6.9 Dodging
 - Level 2.1 Stealth
 - Level 4.0 Shields
 * Level 16.3 Unarmed Combat
 + Level 5.2 Invocations
 - Level 5.0 Evocations


You had 12 spell levels left.
You didn't know any spells.
Your spell library contained the following spells:

 Spells                   Type           Power      Damage    Failure   Level
 Animate Skeleton         Necr           0%         N/A       100%        1
 Apportation              Tloc           0%         N/A       100%        1
 Corona                   Hex            0%         N/A       100%        1
 Pain                     Necr           0%         1d4       100%        1
 Summon Small Mammal      Summ           0%         N/A       100%        1
 Agony                    Necr           0%         N/A       100%        5
 Excruciating Wounds      Necr           0%         N/A       100%        5

Inventory:

Missiles
 b - 305 stones (quivered) {throwing}
 d - 131 sling bullets
 g - 112 bolts
 m - 256 arrows
 o - 8 curare-tipped darts {=fthrowing}
 r - 55 boomerangs {throwing}
 s - 59 poisoned darts {throwing}
Armour
 a - a +0 robe
 q - a +1 buckler (worn)
   (You found it on level 3 of the Dungeon)
 y - a +0 ring mail
   (You took it off an orc on level 4 of the Dungeon)
 K - a +0 chain mail
   (You found it on level 6 of the Dungeon)
 S - a +0 plate armour (worn)
   (You found it on level 8 of the Dungeon)
Magical Staves
 Q - a staff of fire {!astaff}
   (You found it in a bailey)
 Z - a staff of fire {!astaff}
   (You found it on level 11 of the Dungeon)
Jewellery
 c - a ring of see invisible (left claw)
   (You found it on level 4 of the Dungeon)
 f - an amulet of the acrobat (around neck)
   (You found it on level 1 of the Dungeon)
 v - a +6 ring of intelligence
   (You found it on level 4 of the Dungeon)
 P - a ring of flight
   (You found it on level 9 of the Dungeon)
 R - a ring of protection from fire (right claw)
   (You found it on level 8 of the Dungeon)
Wands
 p - a wand of digging (6)
   (You found it on level 8 of the Dungeon)
 G - a wand of polymorph (7)
   (You found it on level 5 of the Dungeon)
 L - a wand of acid (1)
   (You found it on level 6 of the Dungeon)
 N - a wand of charming (10)
   (You found it on level 7 of the Dungeon)
 U - a wand of mindburst (12)
   (You found it on level 10 of the Dungeon)
 X - a wand of iceblast (3)
   (You found it on level 10 of the Dungeon)
 Y - a wand of flame (9)
   (You found it on level 10 of the Dungeon)
Scrolls
 e - a scroll of magic mapping {!r}
 j - 2 scrolls of immolation {!r!r}
 l - 4 scrolls of enchant weapon
 u - 6 scrolls of fog
 E - 3 scrolls of torment {unknown}
 F - a scroll of fear
 H - a scroll of vulnerability {!r!r}
 J - a scroll of silence {unknown}
 M - 4 scrolls of noise {unknown}
 O - 3 scrolls of teleportation {@r4}
 T - a scroll of blinking {unknown}
 V - 2 scrolls of identify {@r1}
Potions
 h - 4 potions of heal wounds {@q2}
 i - 7 potions of curing {@q1}
 k - 2 potions of attraction {unknown}
 n - a potion of might
 t - a potion of magic {unknown}
 w - a potion of resistance
 x - 4 potions of brilliance
 A - 3 potions of ambrosia
 B - 2 potions of berserk rage {!q}
 C - a potion of flight
 D - a potion of invisibility {unknown}
 I - 2 potions of lignification
 W - a potion of mutation {unknown}
Miscellaneous
 z - a piece from Xom's chessboard (15/15)
   (You found it on level 5 of the Dungeon)

Dungeon Overview and Level Annotations

Branches:
Dungeon (11/15)            Temple (0/1) D:6             Orc (0/2) D:11
  Sewer (visited)         Ossuary (visited)          Bailey (visited)
   Lair: D:8-11

Altars:
Ashenzari
Dithmenos
Fedhas
Gozag
Hepliaklqana
Makhleb
Okawaru
Uskayaw
Wu Jian
Xom
Yredelemnul
Zin

Shops:
D:6 (   D:7 !

Annotations:
D:7 exclusion: 2 electric eels
D:8 1 runed translucent door

############'####'#########
#........................#.....
#................[.......+.....
#........................#.....
#........................#.....
#............)z..........#.....
#.............R..........#.....
#.............z..........#.....
#.............@..).......'.....
#........).<.............#.....
#########'#####....#######.....
######....))..###....###.........
.....#>.....).#........#.........
.....#........#........#.........
.....#.######.#........#.....9...
.....'.# #.#.......[#.........
.....#.######.#........'.........


You could see the friendly Hank the hexer and 2 skeletal warriors.


Message History

The spectral orc warrior closely misses you.
Nergalle points at the spectral orc warrior and mumbles some strange words.
The spectral orc warrior seems to speed up.
The spectral orc warrior hits you from afar with a +0 halberd!
* * * LOW HITPOINT WARNING * * *
The spectral orc knight hits Hank with a +0 long sword.
The spectral orc warlord hits you but does no damage.
You are electrocuted!
* * * LOW HITPOINT WARNING * * *
You claw Nergalle!
The spectral orc warrior hits you but does no damage.
Unknown command.
You claw Nergalle!
Hank hits the spectral orc knight with a +0 dagger of draining.
The spectral orc knight hits Hank with a +0 long sword.
You block Nergalle's attack.
The spectral orc warrior closely misses you.
The spectral orc warlord hits you with a +2 great sword of electrocution!
* * * LOW HITPOINT WARNING * * *
The spectral orc warrior barely misses you.
Unknown command.
You closely miss Nergalle.
Hank barely misses the spectral orc knight.
Nergalle hits you with a +2 dagger of draining.
* * * LOW HITPOINT WARNING * * *
The spectral orc warrior hits you but does no damage.
The spectral orc knight completely misses Hank.
You block the spectral orc warrior's attack.
The spectral orc warlord hits you with a +2 great sword of electrocution.
* * * LOW HITPOINT WARNING * * *
Unknown command.
You claw Nergalle!
You kill Nergalle!
You feel better.
The spectral orc warlord disappears in a puff of smoke!
The spectral orc warrior disappears in a puff of smoke!
The spectral orc knight disappears in a puff of smoke!
The spectral orc warrior disappears in a puff of smoke!
You have reached level 13!
Hank remembers more of his old skill.
You open the door.
There is an open door here.
There is a stone staircase leading up here.
You climb upwards.
There is a stone staircase leading down here.
You start resting.
Unknown command.
You climb downwards.
A skeletal warrior comes into view. It is wielding a +0 scimitar.
There is a stone staircase leading up here.
Danger!
You block the skeletal warrior's attack.
A skeletal warrior comes into view. It is wielding a +2 vorpal mace.
You scratch the skeletal warrior.
Hank barely misses the skeletal warrior.
The skeletal warrior hits you with a +0 scimitar!!
Unknown command.
You mangle the skeletal warrior!!
Hank hits the skeletal warrior but does no damage.
You closely miss the skeletal warrior. The skeletal warrior barely misses you.
You mangle the skeletal warrior!!
Hank barely misses the skeletal warrior.
The skeletal warrior hits you with a +0 scimitar!!
Unknown command.
You closely miss the skeletal warrior.
Hank hits the skeletal warrior with a +0 dagger of draining!
You mangle the skeletal warrior!!
You destroy the skeletal warrior!
A skeletal warrior comes into view. It is wielding a +0 dire flail.
Hank hits the skeletal warrior but does no damage.
Training target 5.0 for Evocations reached!
Your Evocations skill increases to level 5!
Unknown command.
Hank hits the skeletal warrior with a +0 dagger of draining!
Hank misses the skeletal warrior.
There is a stone staircase leading up here.
Unknown command.
Unknown command.
You feel very mighty all of a sudden.
You barely miss the skeletal warrior.
The skeletal warrior hits you with a +2 vorpal mace.
* * * LOW HITPOINT WARNING * * *
x2 You eviscerate the skeletal warrior!!!
Hank hits the skeletal warrior but does no damage.
You closely miss the skeletal warrior.
The skeletal warrior hits you with a +2 vorpal mace.
* * * LOW HITPOINT WARNING * * *
x2 Hank barely misses the skeletal warrior.
Unknown command.
You claw the skeletal warrior!
The skeletal warrior hits Hank with a +0 dire flail!
The skeletal warrior hits you with a +2 vorpal mace!
* * * LOW HITPOINT WARNING * * *
x2 Unknown command.
You closely miss the skeletal warrior.
Hank hits the skeletal warrior with a +0 dagger of draining.
The skeletal warrior hits Hank with a +0 dire flail!
The skeletal warrior hits you with a +2 vorpal mace!!
* * * LOW HITPOINT WARNING * * *
You die...

Skill      XL: |  1  2  3  4  5  6  7  8  9 10 11 12 13 |
---------------+----------------------------------------+-----
Unarmed Combat | 4 5 6 7 8 10 11 12 15 16 | 16.3
Dodging        | 4 5 6 |  6.9
Fighting       | 4 5 7 8 |  8.3
Shields        | 1 3 4 |  4.0
Armour         | 2 3 4 5 |  5.3
Invocations    | 1 3 4 5 |  5.2
Evocations     | 1 3 4 5 |  5.0
Stealth        | |  2.1

Action                   |  1- 3 |  4- 6 |  7- 9 | 10-12 | 13-15 || total
-------------------------+-------+-------+-------+-------+-------++-------
Melee: Unarmed           |    94 |    99 |   344 |   522 |    11 ||  1070
       Punch             |     1 |       |    14 |       |       ||    15
Throw: Stone             |     4 |     1 |     1 |       |       ||     6
Invok: Ancestor Life: He |       |     1 |       |       |       ||     1
       Ancestor Identity |       |     1 |       |       |       ||     1
Evoke: Wand              |       |       |       |     3 |       ||     3
  Use: Scroll            |       |     3 |    13 |     7 |       ||    23
       Potion            |       |       |     1 |     4 |     1 ||     6
 Stab: Sleeping          |     4 |     4 |       |       |       ||     8
       Confused          |       |     1 |     5 |    13 |       ||    19
       Distracted        |       |       |     3 |     2 |       ||     5
Armor: Robe              |     8 |     8 |    13 |       |       ||    29
       Chain mail        |       |       |    20 |    49 |       ||    69
       Ring mail         |       |       |    20 |       |       ||    20
       Plate armour      |       |       |       |   131 |       ||   131
Dodge: Dodged            |    56 |    49 |   175 |   224 |     1 ||   505
Block: Buckler           |       |       |    12 |   111 |     1 ||   124

Levels and vault maps discovered:
D:1:      lightli_arrival_noodles, layout_rooms, minmay_misc_feat_chi
D:2:      layout_loops_cross, serial_glass, glass_columns_b, glass_columns_a
D:3:      layout_basic, amcnicky_altar_gilded,
          mainiacjoe_overflow_large_starburst, lemuel_round_altar,
          nicolae_yredelemnul_corpse_copse,
          shapermc_ecumenical_altar_mp_highgroup, uniq_natasha
D:4:      layout_cave_pools, kennysheep_mini, evilmike_ruin_ashenzari,
          lightli_ossuary_entry_decrepit_ruins
D:5:      layout_loops_ring, portal_sewer_entry_a, hellmonk_bongcloud_opening,
          minmay_manual_mess
D:6:      layout_rooms, minmay_temple_entry_grid, serial_corexii_hall,
          corexii_hall_statues_u, chequers_hall_statues_y, serial_shops,
          nicolae_shop_stone, kennysheep_doodads, serial_bayou_pond_b
D:7:      layout_loops_ring, nzn_wu_jian_contemplation, serial_shops,
          nicolae_diamond_shop, serial_bayou_ford_a
D:8:      layout_basic, nzn_makhleb_speed_demon, enter_bailey_5
D:9:      layout_layer_cave, minmay_misc_feat_five, nicolae_water_bricks,
          minivault_27, uniq_erica
D:10:     layout_gridville, mainiacjoe_overflow_catwalk_spiral,
          fungi_pond_lemuel, minivault_8
D:11:     layout_stronghold, dpeg_lair_monsters, zombieorc2_lemuel,
          nicolae_uskayaw_dance_studio, uniq_nergalle

Notes
Turn   | Place    | Note
-------+----------+-------------------------------------------
     0 | D:1      | Sobieck the Ghoul Monk began the quest for the Orb.
     0 | D:1      | Reached XP level 1. HP: 19/19 MP: 0/0
   226 | D:1      | Reached XP level 2. HP: 24/26 MP: 1/1
   248 | D:1      | Reached skill level 4 in Unarmed Combat
   708 | D:1      | Reached XP level 3. HP: 31/31 MP: 2/2
  1158 | D:2      | Reached skill level 5 in Unarmed Combat
  1248 | D:1      | Reached XP level 4. HP: 11/38 MP: 3/3
  1475 | D:1      | HP: 2/38 [gnoll (10)]
  2186 | D:3      | Found a shimmering altar of Xom.
  2212 | D:3      | Found a hazy altar of Hepliaklqana.
  2225 | D:3      | Became a worshipper of Hepliaklqana the Forgotten
  2225 | D:3      | Reached * piety under Hepliaklqana
  2225 | D:3      | Reached ** piety under Hepliaklqana
  2226 | D:3      | Remembered your ancestor Hank as a hexer
  2315 | D:3      | Found an iron altar of Okawaru.
  2316 | D:3      | Noticed Natasha
  2324 | D:3      | Killed Natasha
  2325 | D:3      | Reached skill level 6 in Unarmed Combat
  2325 | D:3      | Reached XP level 5. HP: 32/40 MP: 4/4
  2420 | D:3      | Found a blossoming altar of Fedhas.
  2443 | D:3      | Found a faded altar of an unknown god.
  2615 | D:3      | Found a basalt altar of Yredelemnul.
  2724 | D:3      | Noticed Natasha
  2734 | D:3      | Killed Natasha
  2735 | D:3      | Reached skill level 7 in Unarmed Combat
  2920 | D:4      | Noticed a kobold brigand
  2927 | D:4      | Reached XP level 6. HP: 34/45 MP: 5/5
  2928 | D:4      | Noticed a black bear
  2944 | D:3      | Noticed Natasha
  2957 | D:3      | Killed Natasha
  2958 | D:3      | Reached skill level 8 in Unarmed Combat
  3055 | D:4      | Killed a black bear
  3056 | D:4      | Reached XP level 7. HP: 32/51 MP: 6/6
  3267 | D:4      | Found a sand-covered staircase.
  3282 | D:4      | Reached skill level 9 in Unarmed Combat
  3286 | Ossuary  | Entered an ossuary
  3395 | Ossuary  | Reached skill level 10 in Unarmed Combat
  3531 | Ossuary  | Reached XP level 8. HP: 56/56 MP: 7/7
  3548 | Ossuary  | Reached skill level 3 in Dodging
  3656 | Ossuary  | Reached skill level 4 in Fighting
  3715 | Ossuary  | HP: 12/59 [mummy (15)]
  4747 | D:4      | Reached skill level 1 in Shields
  4748 | D:4      | Reached skill level 11 in Unarmed Combat
  4886 | D:4      | Found an opulent altar of Gozag.
  4920 | D:4      | Found a broken altar of Ashenzari.
  4959 | D:4      | Reached skill level 4 in Dodging
  4976 | D:4      | Reached XP level 9. HP: 65/65 MP: 8/8
  5299 | D:5      | Entered Level 5 of the Dungeon
  5302 | D:5      | Reached skill level 5 in Fighting
  5348 | D:5      | Found a glowing drain.
  5367 | Sewer    | Entered a sewer
  5611 | D:5      | Reached skill level 2 in Shields
  5787 | D:5      | Reached skill level 1 in Armour
  6290 | D:5      | Reached *** piety under Hepliaklqana
  6303 | D:5      | You pick up a book of Pain and begin reading...
  6303 | D:5      | You add the spells Pain, Agony and Excruciating Wounds to
                  | your library.
  6435 | D:6      | Found Kajam's Weapon Shoppe.
  6490 | D:6      | Reached skill level 3 in Shields
  6549 | D:6      | Found a staircase to the Ecumenical Temple.
  7197 | D:7      | You pick up a book of Cantrips and begin reading...
  7197 | D:7      | You add the spells Corona, Animate Skeleton, Summon Small
                  | Mammal and Apportation to your library.
  7257 | D:7      | Reached skill level 2 in Armour
  7257 | D:7      | Reached skill level 1 in Invocations
  7384 | D:7      | Reached skill level 1 in Evocations
  7510 | D:7      | Reached XP level 10. HP: 68/74 MP: 10/10
  7582 | D:7      | Found Bairiblu's Distillery.
  7601 | D:7      | Reached skill level 6 in Fighting
  7601 | D:7      | Reached skill level 4 in Shields
  7608 | D:7      | You pick up a book of Pain and begin reading...
  7704 | D:7      | Reached skill level 12 in Unarmed Combat
  7919 | D:7      | Reached skill level 5 in Dodging
  7919 | D:7      | Reached skill level 2 in Invocations
  8230 | D:7      | Found an ornate altar of the Wu Jian Council.
  8685 | D:8      | Found a flagged portal.
  8727 | Bailey   | Entered a bailey
  8732 | Bailey   | Noticed an orc warlord
  8798 | Bailey   | Reached skill level 2 in Evocations
  9161 | Bailey   | Found a runed translucent gate.
  9163 | Bailey   | Found a runed translucent gate.
  9164 | Bailey   | Found a runed translucent gate.
  9209 | Bailey   | HP: 17/75 [orc warlord (31)]
  9231 | Bailey   | Killed an orc warlord
  9232 | Bailey   | Reached skill level 3 in Armour
  9232 | Bailey   | Reached skill level 3 in Invocations
  9280 | Bailey   | Acquired 501 gold pieces
  9569 | D:8      | Reached **** piety under Hepliaklqana
 10382 | D:8      | Found a runed translucent door.
 10383 | D:8      | Found a burning altar of Makhleb.
 10383 | D:8      | Noticed a sixfirhy
 10762 | D:9      | Noticed Erica
 10782 | D:9      | Killed Erica
 10783 | D:9      | Reached skill level 7 in Fighting
 10783 | D:9      | Reached skill level 3 in Evocations
 10783 | D:9      | Reached XP level 11. HP: 70/82 MP: 12/12
 10809 | D:9      | Reached skill level 4 in Invocations
 11420 | D:9      | Reached skill level 4 in Armour
 11855 | D:9      | Reached skill level 6 in Dodging
 11855 | D:9      | Reached skill level 13 in Unarmed Combat
 12204 | D:9      | Reached skill level 15 in Unarmed Combat
 12204 | D:9      | Reached XP level 12. HP: 41/90 MP: 14/14
 12813 | D:10     | Entered Level 10 of the Dungeon
 12959 | D:10     | HP: 19/90 [molten gargoyle (4)]
 14201 | D:10     | Reached skill level 4 in Evocations
 14767 | D:10     | Reached ***** piety under Hepliaklqana
 14832 | D:10     | Found a shadowy altar of Dithmenos.
 14884 | D:10     | Identified the +4 whip "Kijui" {freeze, rPois rC- rCorr
                  | Int-2}
 15046 | D:11     | Found a hide-covered altar of Uskayaw.
 15079 | D:11     | Reached skill level 5 in Invocations
 15192 | D:11     | HP: 17/90 [orc priest/divine providence (12)]
 15580 | D:11     | Reached skill level 16 in Unarmed Combat
 15600 | D:11     | Noticed a two-headed ogre
 15607 | D:11     | Killed a two-headed ogre
 15811 | D:11     | Found a staircase to the Orcish Mines.
 15942 | D:11     | Noticed a two-headed ogre
 15943 | D:11     | Noticed a two-headed ogre
 15990 | D:11     | Killed a two-headed ogre
 15991 | D:11     | Reached skill level 8 in Fighting
 15995 | D:11     | Killed a two-headed ogre
 15996 | D:11     | Reached skill level 5 in Armour
 16707 | D:11     | Identified the +5 spear of the Several Ultimatums {venom,
                  | rF+ Str+2 Int+5 Dex-3}
 16784 | D:11     | Noticed a death yak
 16786 | D:11     | Noticed a death yak
 16786 | D:11     | Noticed a death yak
 16898 | D:11     | Noticed Nergalle
 16915 | D:11     | HP: 16/91 [spectral orc warlord[Nergalle] (7)]
 16917 | D:11     | Killed Nergalle
 16918 | D:11     | Reached XP level 13. HP: 23/97 MP: 15/15
 17210 | D:11     | Reached skill level 5 in Evocations
 17218 | D:11     | HP: 5/97 [skeletal warrior[a skeletal warrior] (24)]
 17218 | D:11     | Slain by a skeletal warrior

Vanquished Creatures
  An orc warlord (Bailey)
  Erica (D:9)
  A two-headed ogre (D:11)
  Nergalle (D:11)
  A skeletal warrior (D:11)
  4 molten gargoyles (D:10)
  A gargoyle (D:11)
  An unseen horror (D:10)
  A troll (D:10)
  A wraith (D:10)
  A shadow (D:11)
  3 yaks (D:11)
  A wyvern (D:8)
  A steam dragon (D:7)
  3 vampire mosquitoes (D:10)
  A two-headed ogre zombie (D:11)
  A water moccasin (D:6)
  3 acid dragons
  9 orc warriors
  2 black bears
  A necrophage (D:5)
  3 ogres
  8 centaurs
  5 kobold brigands
  A scorpion (D:4)
  A wyvern zombie (Ossuary)
  2 water moccasin zombies (Ossuary)
  2 troll zombies (D:11)
  A water moccasin skeleton (D:7)
  8 killer bees
  7 wights (D:9)
  4 howler monkeys
  2 electric eels
  A jelly (D:8)
  9 centaur zombies
  5 hounds
  2 bullfrog zombies (Ossuary)
  5 orc priests
  2 bullfrog skeletons (D:5)
  A centaur skeleton (D:7)
  A scorpion zombie (D:3)
  Natasha (thrice) (D:3)
  11 orc wizards
  A killer bee zombie (Ossuary)
  4 ogre zombies (D:11)
  A hound zombie (D:5)
  A hound skeleton (D:4)
  10 mummies (Ossuary)
  4 howler monkey zombies
  6 gnolls
  3 river rats
  7 adders
  2 howler monkey skeletons (D:7)
  A shadow imp (D:6)
  2 worms (D:2)
  30 orcs
  8 bats
  7 endoplasms
  5 giant cockroaches
  11 goblins
  10 hobgoblins
  3 jackals
  5 quokkas
  8 ball pythons
  A ball python zombie (D:3)
  6 frilled lizards
  A goblin skeleton (D:11)
  3 goblin zombies (D:11)
  3 hobgoblin zombies (D:11)
  A jackal zombie (D:3)
  19 kobolds
  3 orc skeletons (D:11)
  13 orc zombies (D:11)
  8 rats
310 creatures vanquished.

Vanquished Creatures (collateral kills)
  2 two-headed ogres (D:11)
  A troll (D:11)
  A wyvern (D:7)
  A shadow (D:11)
  A wraith (D:11)
  An orc warrior (D:8)
  A phantom (D:6)
  A kobold brigand (Sewer)
  2 bullfrogs
  A scorpion (D:4)
  A water moccasin zombie (Ossuary)
  A killer bee (D:8)
  A lava snake (D:10)
  3 bullfrog zombies (Ossuary)
  2 centaur zombies
  2 orc priests
  An iguana (D:5)
  5 orc wizards
  A scorpion zombie (D:5)
  An ogre zombie (D:11)
  A killer bee zombie (Ossuary)
  2 mummies (Ossuary)
  A howler monkey zombie (D:8)
  An adder (D:3)
  A gnoll (Bailey)
  4 orcs
  A giant cockroach (D:5)
  3 goblins
  A hobgoblin (D:4)
  2 jackals
  A goblin zombie (D:11)
  15 kobolds
  An orc zombie (D:11)
64 creatures vanquished.

Vanquished Creatures (others)
  8 hexers
  An orc (D:10)
  2 kobolds (D:7)
  2 fungi (D:10)
  13 plants
  4 withered plants (Ossuary)
30 creatures vanquished.

Grand Total: 404 creatures vanquished

Table legend:
 A = Non-vault XP
 B = Vault XP
 C = Vault XP percentage of total XP
 D = Non-vault monster count
 E = Vault monster count
 F = Vault count percentage of total count
                 A         B        C        D         E       F
            +---------+---------+-------+---------+---------+-------
      Total |   14900 |    8145 |  35.3 |     235 |     139 |  37.2
            +---------+---------+-------+---------+---------+-------
        D:1 |      63 |       0 |   0.0 |      25 |       0 |   0.0
        D:2 |      67 |       0 |   0.0 |      23 |       0 |   0.0
        D:3 |     133 |      73 |  35.4 |      18 |       4 |  18.2
        D:4 |     824 |       0 |   0.0 |      24 |       0 |   0.0
        D:5 |     537 |     200 |  27.1 |      14 |      10 |  41.7
        D:6 |     504 |     226 |  31.0 |      10 |       6 |  37.5
        D:7 |    1385 |       0 |   0.0 |      35 |       0 |   0.0
        D:8 |    1117 |       7 |   0.6 |      25 |       4 |  13.8
        D:9 |    2227 |     934 |  29.5 |      30 |       1 |   3.2
       D:10 |    1724 |    1740 |  50.2 |      13 |       4 |  23.5
       D:11 |    6319 |    1848 |  22.6 |      18 |      42 |  70.0
      Sewer |       0 |     121 | 100.0 |       0 |       8 | 100.0
    Ossuary |       0 |    1260 | 100.0 |       0 |      33 | 100.0
     Bailey |       0 |    1736 | 100.0 |       0 |      27 | 100.0
            +---------+---------+-------+---------+---------+-------

Illustrated notes

Table legend:
 A = Kills in this place as a percentage of kills in entire the game.
 B = Kills by you in this place as a percentage of kills by you in the entire game.
 C = Kills by friends in this place as a percentage of kills by friends in the entire game.
 D = Other kills in this place as a percentage of other kills in the entire game.
 E = Experience gained in this place as a percentage of experience gained in the entire game.
 F = Experience gained in this place divided by the number of levels of this place that you have seen.
                   A       B       C       D       E      F
               +-------+-------+-------+-------+-------+----------------------
         Total | 100.0 | 100.0 | 100.0 | 100.0 | 100.0 | 1646.1
       Dungeon |  81.8 |  84.4 |  68.8 | 100.0 |  86.5 | 1811.6
         Sewer |   2.1 |   1.6 |   4.7 |   0.0 |   0.5 | 121.0
       Ossuary |   8.8 |   8.1 |  12.5 |   0.0 |   5.5 | 1260.0
        Bailey |   7.2 |   5.8 |  14.1 |   0.0 |   7.5 | 1736.0
               +-------+-------+-------+-------+-------+----------------------

Table legend: (Time is in decaauts)
 A = Elapsed time spent in this place.
 B = Non-inter-level travel time spent in this place.
 C = Inter-level travel time spent in this place.
 D = Time resting spent in this place.
 E = Time spent auto-exploring this place.
 F = Levels seen in this place.
 G = Mean time per level.
                   A        B        C        D        E       F      G
               +--------+--------+--------+--------+--------+-----+--------+
         Total |  17075 |  16705 |    370 |   6850 |   6143 |  14 | 1219.6 |
       Dungeon |  14710 |  14340 |    370 |   5492 |   5988 |  11 | 1337.3 |
         Sewer |    233 |    233 |      0 |    102 |      0 |   1 |  233.0 |
       Ossuary |   1407 |   1407 |      0 |   1015 |      0 |   1 | 1407.0 |
        Bailey |    723 |    723 |      0 |    241 |    155 |   1 |  723.0 |
               +--------+--------+--------+--------+--------+-----+--------+

Top non-repeatable levels by time:
     D:9: 2912 daAuts
    D:10: 2210 daAuts
     D:7: 1576 daAuts
    D:11: 1415 daAuts
 Ossuary: 1407 daAuts
     D:8: 1231 daAuts
     D:1: 1223 daAuts
     D:2: 954 daAuts
     D:5: 870 daAuts
     D:4: 860 daAuts
     D:3: 828 daAuts
  Bailey: 723 daAuts
     D:6: 627 daAuts
   Sewer: 233 daAuts
